 Dungeon Crawl Stone Soup version 0.27-a0-597-g524d869a0f (webtiles) character file.

Game seed: 407236669251798349

1237 tilp the Insei (level 8, -15/50 (54) HPs)
             Began as an Octopode Transmuter on Mar 11, 2021.
             Killed from afar by Maggie (31 damage)
             ... with a bolt of fire
             ... on level 6 of the Dungeon.
             The game lasted 00:12:08 (7687 turns).

tilp the Insei (Octopode Transmuter)                Turns: 7687, Time: 00:12:08

HP:   -15/50 (54)   AC:  1    Str:  9    XL:     8   Next: 49%
MP:   12/13         EV: 13    Int: 18    God:
Gold: 203           SH:  0    Dex: 12    Spells: 2/14 levels left

rFire    . . .     SeeInvis .     - Unarmed
rCold    . . .     Faith    .   (no shield)
rNeg     . . .     Spirit   .   (helmet currently unavailable)
rPois    .         Reflect  .   i - amulet of the acrobat
rElec    .         Harm     .   (no ring)
rCorr    .         Rampage  .   (no ring)
Will     .....                  (no ring)
Stlth    +++.......             (no ring)
HPRegen  0.16/turn              (no ring)
MPRegen  0.13/turn              (no ring)
                                (no ring)
                                (no ring)

@: lethally poisoned (-15 -> -19), appendages, wereblooded, drained
A: almost no armour, amphibious, 8 rings, tentacle spike 3, camouflage 1,
gelatinous body 1, nimble swimmer 1, tentacles
a: End Transformation


You were on level 6 of the Dungeon.
One of your tentacles had a temporary spike.
You visited 1 branch of the dungeon, and saw 6 of its levels.

You collected 203 gold pieces.

Inventory:

Missiles
 d - 22 poisoned darts (quivered)
Jewellery
 i - an amulet of the acrobat (around mantle)
 q - an amulet of magic regeneration
Wands
 p - a wand of random effects (18)
 r - a wand of acid (10)
Scrolls
 c - a scroll of magic mapping {unknown}
 h - a scroll of amnesia {unknown}
 j - 4 scrolls of teleportation
 l - a scroll of blinking {unknown}
Potions
 a - 2 potions of haste
 b - a potion of ambrosia
 e - 2 potions of magic
 g - a potion of heal wounds
 k - 2 potions of curing
 m - a potion of cancellation
 o - a potion of berserk rage


   Skills:
 - Level 4.0 Fighting
 - Level 2.0 Dodging
 - Level 4.0 Stealth
 - Level 6.0 Unarmed Combat
 + Level 3.8 Spellcasting
 * Level 5.7 Transmutations
 - Level 2.0 Poison Magic


You had 2 spell levels left.
You knew the following spells:

 Your Spells              Type           Power      Damage    Failure   Level
a - Beastly Appendage     Tmut           48%        N/A       1%          1
b - Wereblood             Tmut           24%        N/A       2%          2
c - Spider Form           Tmut/Pois      8%         N/A       10%         3
d - Ice Form              Ice/Tmut       13%        N/A       43%         4
e - Blink                 Tloc           N/A        N/A       22%         2

Your spell library contained the following spells:

 Spells                   Type           Power      Damage    Failure   Level
 Passwall                 Tmut/Erth      10%        N/A       7%          2
 Magic Dart               Conj           12%        1d3       16%         1
 Sandblast                Erth           6%         2d5       16%         1
 Call Imp                 Summ           3%         N/A       22%         2
 Slow                     Hex            3%         N/A       22%         2
 Mephitic Cloud           Conj/Pois/Air  5%         N/A       34%         3
 Blade Hands              Tmut           12%        N/A       36%         5
 Conjure Flame            Conj/Fire      3%         6-21      41%         3
 Stone Arrow              Conj/Erth      6%         3d7       41%         3
 Petrify                  Tmut/Erth      13%        N/A       43%         4
 Lee's Rapid Deconstruct  Erth           1%         3d5*      99%         5


Dungeon Overview and Level Annotations

Branches:
Dungeon (6/15)
 Temple: D:4-7

Altars:
Fedhas
Ru
Trog

Annotations:
D:3 3 runed translucent doors, adept's ghost, amateur FoAK
D:6 Maggie


Innate Abilities, Weirdness & Mutations

You cannot wear most types of armour.
You are amphibious.
You can wear up to eight rings at the same time.
Your skin changes colour to match your surroundings (Stealth+).
Your rubbery body absorbs attacks. (AC +1, EV +1)
You are stealthy while swimming. (Stealth+)
You have tentacles for arms and can constrict up to eight enemies at once.
One of your tentacles bears a large vicious spike.


Message History

You closely miss the wight. You grab the wight.
You pierce the wight.
The wight is moderately damaged.
You constrict the wight.
The wight hits you from afar with a +1 spear of venom.
You feel drained.
You are poisoned.
The wight hits you with a +0 trident.
You feel drained.
You tentacle-slap the wight.
You pierce the wight, but do no damage.
The wight is severely damaged.
You constrict the wight.
You feel sick. The wight barely misses you.
You tentacle-slap the wight.
You pierce the wight, but do no damage.
You tentacle-slap the wight.
The wight is almost destroyed.
You constrict the wight, but do no damage.
You feel sick. The wight completely misses you. The wight closely misses you.
The wight completely misses you.
You tentacle-slap the wight but do no damage.
You pierce the wight, but do no damage.
The wight is almost destroyed.
You constrict the wight, but do no damage.
You feel sick. The wight hits you with a +0 trident!
The wight barely misses you. The wight misses you.
You tentacle-slap the wight.
You destroy the wight!
The wight hits you with a +6 short sword!
You feel drained.
* * * LOW HITPOINT WARNING * * *
Unknown command.
You feel sick. The wight hits you but does no damage.
Maggie the Vainglorious comes into view.
She is wielding a +1 long sword of draining.
You feel sick.
Maggie shouts!
You hear a shout! x2
You howl as the wereblood boils in your veins!
You feel sick.
There is a stone staircase leading up here.
You feel sick. The wight completely misses you.
Maggie points at you and mumbles some strange words.
The bolt of fire hits you!!
Ouch! That really hurt!
You die...

#. .... ##.#.#
...###..###.>..#
....#.........## #
...............##..
...................
...................
...........))......
........z..........
.......@zz.........
...................
....#..............
.....##.#..........
###.. #.@......#...
#. ##.....#...#. #
#.#.#....#
..#.##....


You could see Maggie and 3 wights.

Vanquished Creatures
  Grinder (D:3)
  Eustachio (D:4)
  Menkaure (D:4)
  An ogre (D:4)
  A phantom (D:3)
  2 wights (D:6)
  A bullfrog skeleton (D:5)
  3 orc priests
  An iguana (D:4)
  3 orc wizards
  3 worker ants (D:4)
  3 gnolls (D:2)
  6 adders
  2 shadow imps (D:5)
  A white imp (D:5)
  An ufetubus (D:5)
  An ooze (D:2)
  2 adder skeletons (D:4)
  3 worms
  8 dart slugs
  3 leopard geckos
  7 orcs
  A ball python (D:1)
  6 giant cockroaches
  12 goblins
  6 hobgoblins
  8 jackals
  7 kobolds
  4 quokkas
  3 bats
  16 frilled lizards
  8 rats
126 creatures vanquished.

Vanquished Creatures (others)
  3 fungi (D:3)
  A plant (D:3)
4 creatures vanquished.

Grand Total: 130 creatures vanquished

Notes
Turn   | Place    | Note
-------+----------+-------------------------------------------
     0 | D:1      | tilp the Octopode Transmuter began the quest for the Orb.
     0 | D:1      | Reached XP level 1. HP: 13/13 MP: 3/3
    37 | D:1      | Reached skill level 1 in Stealth
   306 | D:1      | Reached XP level 2. HP: 18/18 MP: 3/5
   309 | D:1      | Learned a level 2 spell: Wereblood
   928 | D:2      | Reached XP level 3. HP: 23/23 MP: 4/6
  1470 | D:2      | Reached XP level 4. HP: 16/29 MP: 5/7
  2120 | D:2      | Reached XP level 5. HP: 31/35 MP: 6/8
  2604 | D:3      | Reached skill level 4 in Unarmed Combat
  2904 | D:3      | Found a runed translucent gate.
  2904 | D:3      | Identified the +9 short sword of Melee {drain, Int+2 Dex+2
                  | Stlth+}
  2904 | D:3      | Noticed a kobold brigand
  2905 | D:3      | Found a runed translucent gate.
  2906 | D:3      | Found a runed translucent gate.
  2907 | D:3      | Noticed adept's ghost (amateur FoAK)
  3054 | D:3      | Found a bloodstained altar of Trog.
  3171 | D:3      | Reached XP level 6. HP: 31/42 MP: 7/9
  3795 | D:3      | Noticed Grinder
  3812 | D:3      | Killed Grinder
  3813 | D:3      | Reached skill level 5 in Unarmed Combat
  4149 | D:3      | Reached XP level 7. HP: 34/48 MP: 8/10
  4458 | D:4      | Noticed Menkaure
  4484 | D:4      | Found a sacrificial altar of Ru.
  4690 | D:4      | Reached skill level 6 in Unarmed Combat
  4694 | D:4      | Learned a level 3 spell: Spider Form
  4805 | D:4      | Noticed Eustachio
  5046 | D:4      | Identified the +0 cloak "Giohy" {Will+++ Dex+2 Stlth-}
  5063 | D:3      | Reached skill level 1 in Poison Magic
  5711 | D:4      | Killed Menkaure
  6064 | D:4      | Reached XP level 8. HP: 50/54 MP: 10/12
  6602 | D:4      | Killed Eustachio
  6603 | D:4      | Reached skill level 5 in Transmutations
  6725 | D:5      | Entered Level 5 of the Dungeon
  6917 | D:5      | Learned a level 4 spell: Ice Form
  6920 | D:5      | Learned a level 2 spell: Blink
  7264 | D:5      | Found a blossoming altar of Fedhas.
  7684 | D:6      | Noticed Maggie
  7687 | D:6      | Killed from afar by Maggie

Illustrated notes

Levels and vault maps discovered:
D:1:      amcnicky_arrival_feature_with_door, layout_loops_ring,
          minmay_tetromino_l4
D:2:      cheibrodos_greedy_goblins, layout_basic, minmay_lizard_pond
D:3:      layout_loops_cross, lemuel_coloured_pillars_altar,
          gammafunk_ghost_nasty_kobolds, st_stairs_2, minmay_fountain_box,
          kennysheep_another_room, kennysheep_generic_room_16, uniq_grinder
D:4:      kennysheep_slugbush, layout_layer_cave, serial_bayou_ford_a,
          nicolae_ru_path_of_blood, uniq_menkaure, uniq_eustachio
D:5:      layout_loops_corners, fedhas_altar_1
D:6:      minmay_inner_zag, layout_rooms, minmay_temple_entry_statues_fountains,
          serial_shops, shop, due_unseen_surprise, uniq_blork_the_orc,
          uniq_maggie

Skill      XL: |  1  2  3  4  5  6  7  8 |
---------------+-------------------------+-----
Stealth        | 2 3 4 |  4.0
Fighting       | 2 3 4 |  4.0
Unarmed Combat | 4 5 6 |  6.0
Poison Magic   | 2 |  2.0
Transmutations | 4 5 |  5.7
Spellcasting   | 3 |  3.8
Dodging        | |  2.0

Action                   |  1- 3 |  4- 6 |  7- 9 || total
-------------------------+-------+-------+-------++-------
Melee: Unarmed           |    71 |    99 |   135 ||   305
       Constrict         |    20 |    28 |    34 ||    82
       Tentacles         |     4 |    15 |    26 ||    45
       Kick              |    11 |    16 |    26 ||    53
       Punch             |     1 |     2 |     6 ||     9
Throw: Dart              |    10 |    28 |    13 ||    51
 Cast: Beastly Appendage |    11 |    16 |    24 ||    51
       Wereblood         |     4 |     7 |     5 ||    16
       Spider Form       |       |       |     1 ||     1
  Use: Scroll            |     2 |     2 |     6 ||    10
       Potion            |       |       |     1 ||     1
 Stab: Sleeping          |     5 |     2 |    15 ||    22
Armor: Skin              |     2 |       |     5 ||     7
Dodge: Dodged            |    30 |    34 |    83 ||   147

Table legend: (Time is in decaauts)
 A = Elapsed time spent in this place.
 B = Non-inter-level travel time spent in this place.
 C = Inter-level travel time spent in this place.
 D = Time resting spent in this place.
 E = Time spent auto-exploring this place.
 F = Levels seen in this place.
 G = Mean time per level.
                   A        B        C        D        E       F      G
               +--------+--------+--------+--------+--------+-----+--------+
         Total |   7660 |   7336 |    324 |   1500 |   4836 |   6 | 1276.7 |
       Dungeon |   7660 |   7336 |    324 |   1500 |   4836 |   6 | 1276.7 |
               +--------+--------+--------+--------+--------+-----+--------+

Top non-repeatable levels by time:
     D:3: 2161 daAuts
     D:4: 1959 daAuts
     D:2: 1661 daAuts
     D:5: 940 daAuts
     D:1: 920 daAuts
     D:6: 16 daAuts
